 Dungeon Crawl Stone Soup version 0.31.0-2-g5a2aebc5c2 (webtiles) character file.

Game seed: 13299502094049977519

487630 Bobbunny the Conqueror (level 25, -3/234 HPs)
             Began as a Formicid Fighter on Jan 21, 2024.
             Was the Champion of Okawaru.
             Slain by an azure jelly (4 damage)
             ... created by the Royal Jelly
             ... on level 5 of the Pits of Slime.
             The game lasted 01:37:56 (63038 turns).

Bobbunny the Conqueror (Formicid Fighter)          Turns: 63038, Time: 01:37:57

Health: -3/234     AC:  5    Str: 32    XL:     25   Next: 90%
Magic:  0/32       EV: 22    Int: 19    God:    Okawaru [******]
Gold:   1091       SH: 33    Dex: 15    Spells: 24/24 levels left

rFire   + . .        t - +8 mithril axe "Arga" {speed, Will+}
rCold   + . .        B - +6 tower shield {rN+}
rNeg    + + .        c - +9 plate armour of the Harvest {Rampage Int+4 Dex+5 Stlth+}
rPois   +            (helmet unavailable)
rElec   +            (no cloak)
rCorr   .            (no gloves)
SInv    +            z - +2 pair of boots
Will    +++++        N - amulet "Wiytz" {Reflect rElec rN+ Will+ SH+5} Stlth
                     F - ring of the Final Chapter {Fly rPois rF+ Will+ Int+3}
HPRegen 0.59/turn    J - ring of the Three Gods {rC+ EV+5 Str+3 Dex-3}
MPRegen 0.23/turn

%: reflection, rampage
@: mighty, heroic, finesse-ful, engulfed (cannot breathe), corroded, flying,
studying Stealth
A: permanent stasis, dig shafts and tunnels, antennae 3, four strong arms
}: 3/15 runes: decaying, serpentine, silver
a: Dig, Shaft Self, Renounce Religion, Heroism, Finesse, Duel


You were on level 5 of the Pits of Slime.
You worshipped Okawaru.
Okawaru was exalted by your worship.
You visited 9 branches of the dungeon, and saw 44 of its levels.
You visited the Abyss 1 time.
You also visited: Bailey and Gauntlet.

You collected 6349 gold pieces.
You spent 5258 gold pieces at shops.

Inventory:

Hand Weapons
 t - the +8 mithril axe "Arga" (weapon) {speed, Will+}
   (Okawaru gifted it to you on level 5 of the Lair of Beasts)

   Will+:     It increases your willpower.
 H - a +1 battleaxe of flaming
 V - a +1 broad axe of holy wrath
Missiles
 f - 21 poisoned darts
 l - 38 boomerangs (quivered)
 u - 13 curare-tipped darts
 w - 32 javelins
 y - an atropa-tipped dart
 O - 12 darts of dispersal
 P - 3 throwing nets
 S - 24 silver javelins
Armour
 c - the +9 plate armour of the Harvest (worn) {Rampage Int+4 Dex+5 Stlth+}
   (Okawaru gifted it to you on level 5 of the Lair of Beasts)

   Int+4:     It affects your intelligence (+4).
   Dex+5:     It affects your dexterity (+5).
   Rampage:   It bestows one free step when moving towards enemies.
   Stlth+:    It makes you more stealthy.
 z - a +2 pair of boots (worn)
 B - a +6 tower shield of positive energy (worn)
 D - +2 gold dragon scales
Jewellery
 r - the dreamshard necklace {Acrobat *Dream}
   (You bought it in a shop on level 9 of the Dungeon)

   [amulet of the acrobat]

   *Dream:    It absorbs a single lethal wound into itself, holding its wearer
   just short of death and releasing dream-creatures to guard them.
   Acrobat:   It increases your evasion while moving and waiting.
 F - the ring of the Final Chapter (left hand) {Fly rPois rF+ Will+ Int+3}
   (You bought it in a shop on level 9 of the Dungeon)

   [ring of willpower]

   Int+3:     It affects your intelligence (+3).
   rF+:       It protects you from fire.
   rPois:     It protects you from poison Will+: It increases your willpower.
   Fly:       It grants you flight.
 J - the ring of the Three Gods (right hand) {rC+ EV+5 Str+3 Dex-3}
   (You bought it in a shop on level 1 of the Snake Pit)

   [ring of evasion]

   EV+5:      It affects your evasion (+5).
   Str+3:     It affects your strength (+3).
   Dex-3:     It affects your dexterity (-3).
   rC+:       It protects you from cold.
 N - the amulet "Wiytz" (around neck) {Reflect rElec rN+ Will+ SH+5}
   (You found it in a Gauntlet)

   [amulet of reflection]

   Reflect:   It reflects blocked missile attacks.
   rElec:     It insulates you from electricity.
   rN+:       It protects you from negative energy.
   Will+:     It increases your willpower.
   SH+5:      It affects your SH (+5).
 R - a ring of protection from fire
Wands
 m - a wand of acid (13)
 U - a wand of digging (30)
 Y - a wand of iceblast (28)
Scrolls
 a - 5 scrolls of immolation
 b - 15 scrolls of fog
 i - 3 scrolls of brand weapon
 j - 22 scrolls of identify
 o - 9 scrolls of fear
 p - 7 scrolls of vulnerability
 v - 5 scrolls of poison
 A - 9 scrolls of enchant weapon
 C - 3 scrolls of silence
 I - 4 scrolls of revelation
 X - a scroll of torment
Potions
 d - 5 potions of might
 e - 2 potions of invisibility
 g - 3 potions of cancellation
 n - 9 potions of attraction
 q - 6 potions of lignification
 s - 10 potions of curing
 x - 4 potions of resistance
 E - 9 potions of mutation
 G - 8 potions of enlightenment
 K - 14 potions of heal wounds
 L - 5 potions of brilliance
 T - a potion of ambrosia
 W - 2 potions of magic
Miscellaneous
 h - a phial of floods
 k - a lightning rod (4/4)


   Skills:
 O Level 27 Fighting
 - Level 20.0(25.0) Axes
 - Level 16.0(21.0) Throwing
 + Level 18.9(23.9) Armour
 + Level 13.3(18.3) Dodging
 - Level 3.0(8.0) Stealth
 + Level 15.8(20.8) Shields
 - Level 13.0 Invocations
 - Level 5.0 Evocations


You had 24 spell levels left.
You didn't know any spells.
Your spell library contained the following spells:

 Spells                   Type           Power      Damage    Failure   Level
 Apportation              Tloc           0%         N/A       65%         1
 Foxfire                  Conj/Fire      0%         2x1d4     65%         1
 Kiss of Death            Conj/Necr      0%         2d5       65%         1
 Necrotise                Necr           0%         1d4       65%         1
 Sting                    Conj/Alch      0%         1d3       65%         1
 Cigotuvi's Dreadful Rot  Necr/Alch/Air  0%         N/A       80%         2
 Jinxbite                 Hex            0%         N/A       80%         2
 Lesser Beckoning         Tloc           0%         N/A       80%         2
 Mercury Vapours          Alch/Air       0%         N/A       80%         2
 Momentum Strike          Conj/Tloc      0%         3d8       80%         2
 Static Discharge         Conj/Air       0%         3-3/arc   80%         2
 Dazzling Flash           Conj/Hex       0%         N/A       95%         3
 Frozen Ramparts          Ice            0%         1d1       95%         3
 Fugue of the Fallen      Necr           0%         N/A       95%         3
 Gell's Gravitas          Tloc           0%         N/A       95%         3
 Mephitic Cloud           Conj/Alch/Air  0%         N/A       95%         3
 Ozocubu's Armour         Ice            0%         N/A       95%         3
 Teleport Other           Tloc           0%         N/A       95%         3
 Volatile Blastmotes      Fire/Tloc      0%         2d10      95%         3
 Airstrike                Air            0%         2d(0-16)  100%        4
 Brom's Barrelling Bould  Conj/Erth      0%         2d3       100%        4
 Dimensional Bullseye     Hex/Tloc       0%         N/A       100%        4
 Fulminant Prism          Conj/Alch      0%         3d5       100%        4
 Ignite Poison            Fire/Alch      0%         N/A       100%        4
 Iskenderun's Mystic Bla  Conj/Tloc      0%         2d3       100%        4
 Leda's Liquefaction      Alch/Erth      0%         N/A       100%        4
 Manifold Assault         Tloc           0%         N/A       100%        4
 Olgreb's Toxic Radiance  Alch           0%         N/A       100%        4
 Petrify                  Alch/Erth      0%         N/A       100%        4
 Sticky Flame             Fire/Alch      0%         2d4       100%        4
 Arcjolt                  Conj/Air       0%         1d10      100%        5
 Curse of Agony           Necr           0%         N/A       100%        5
 Fireball                 Conj/Fire      0%         3d3       100%        5
 Freezing Cloud           Conj/Ice/Air   0%         6-21      100%        5
 Iskenderun's Battlesphe  Conj           0%         2d6       100%        5
 Lee's Rapid Deconstruct  Erth           0%         3d4*      100%        5
 Metabolic Englaciation   Hex/Ice        0%         N/A       100%        5
 Silence                  Hex/Air        0%         N/A       100%        5
 Yara's Violent Unravell  Hex/Alch       0%         3d3       100%        5
 Bombard                  Conj/Erth      0%         9d1       100%        6
 Conjure Ball Lightning   Conj/Air       0%         3x3d6     100%        6
 Dispersal                Tloc           0%         N/A       100%        6
 Plasma Beam              Fire/Air       0%         2x1d10    100%        6
 Starburst                Conj/Fire      0%         6d3       100%        6
 Enfeeble                 Hex            0%         N/A       100%        7
 Orb of Destruction       Conj           0%         9d5       100%        7
 Ozocubu's Refrigeration  Ice            0%         4d7       100%        7
 Discord                  Hex            0%         N/A       100%        8
 Ignition                 Fire           0%         3d3       100%        8
 Summon Small Mammal      Summ           Unusable   N/A       N/A         1
 Blink                    Tloc           Unusable   N/A       N/A         2
 Tukima's Dance           Hex            Unusable   N/A       N/A         3
 Animate Armour           Summ/Erth      Unusable   N/A       N/A         4
 Summon Blazeheart Golem  Fire/Summ      Unusable   N/A       N/A         4
 Summon Lightning Spire   Summ/Air       Unusable   N/A       N/A         4
 Vhi's Electric Charge    Tloc/Air       Unusable   N/A       N/A         4
 Spellforged Servitor     Conj/Summ      Unusable   N/A       N/A         7

Dungeon Overview and Level Annotations

Branches:
Dungeon (15/15)            Temple (1/1) D:5            Lair (5/5) D:8
  Swamp (4/4) Lair:3        Snake (4/4) Lair:3        Slime (5/5) Lair:5
    Orc (2/2) D:10            Elf (3/3) Orc:2        Vaults (5/5) D:13
  Crypt (0/3) Vaults:3     Depths (0/4) D:15         Bailey (visited)
Gauntlet (visited)

Altars:
Ashenzari
Cheibriados
Dithmenos
Elyvilon
Fedhas
Gozag
Hepliaklqana
Kikubaaqudgha
Makhleb
Nemelex Xobeh
Okawaru
Qazlal
Ru
Sif Muna
Trog
Uskayaw
Vehumet
Wu Jian
Xom
Yredelemnul
Zin
The Shining One
Jiyva

Shops:
D:4 =   D:6 (   D:8 !   D:9 =   D:15 *[([   Orc:2 (*[=((   Snake:1 =:=
Vaults:2 (   Vaults:3 (

Portals:
Trove: D:11 (show abyssal rune of Zot)

Annotations:
D:8 2 transporters, rozman's ghost, novice AtBe


Innate Abilities, Weirdness & Mutations

You cannot be hasted, slowed, berserked, paralysed or teleported.
You can dig through walls and to a lower floor.
You have a pair of large antennae on your head. (SInv)
Your four strong arms can wield two-handed weapons with a shield.


Message History

* * * LOW HITPOINT WARNING * * *
You block the azure jelly's attack. The azure jelly closely misses you.
You block the azure jelly's attack.
A slime creature comes into view.
Two slime creatures merge to form an enormous slime creature.
You slash the azure jelly!
You kill the azure jelly!
That felt strangely unrewarding.
You slash the quicksilver ooze!
You hit the rockslime but do no damage. x2
You hit the enormous slime creature but do no damage.
You slice the quicksilver ooze!! You block the rockslime's attack.
The rockslime hits you!
* * * LOW HITPOINT WARNING * * *
You hold your ground!
You block the quicksilver ooze's attack.
The quicksilver ooze hits you!
* * * LOW HITPOINT WARNING * * *
You feel your power leaking away.
Unknown command.
Unknown command.
Okay, then.
Unknown command.
As you read the scroll of fear, it crumbles to dust.
You assume a fearsome visage.
The rockslime looks frightened! x2
The quicksilver ooze is unaffected.
The azure jelly easily resists.
The quicksilver ooze is unaffected.
The slime creature looks frightened! x2
The azure jelly resists with almost no effort.
The slime creature looks frightened!
The enormous slime creature looks frightened!
The slime creature looks frightened! x6; The quicksilver ooze is unaffected.
You block the quicksilver ooze's attack. x2
The quicksilver ooze hits you!
* * * LOW HITPOINT WARNING * * *
The quicksilver ooze engulfs you!
You block the quicksilver ooze's attack. x2
The quicksilver ooze closely misses you.
The azure jelly completely misses you. The azure jelly misses you.
The azure jelly hits you but does no damage.
The azure jelly hits you.
You die...

....................###
#.....................##
#......................#.
........<................
....#....................
.#.#####.................
## ##.......J.J..J...
###.....J........
#....J@JJ.J.J..
#.....J.J...JJJ.
#................
#............J.J..
#.................
#.................
#................
#...............
...............


You could see 2 azure jellies, an enormous slime creature (fleeing), 8 slime
creatures, 2 rockslimes and 3 quicksilver oozes.

Vanquished Creatures
  the Royal Jelly (Slime:5)
  Boris (twice) (Vaults:1 Vaults:3)
  Saint Roka (Vaults:2)
  2 golden dragons (Vaults:5)
  Norris (Elf:3)
  Nikola (Arena)
  A bone dragon (Abyss:2)
  3 tentacled monstrosities
  Jorgrun (Elf:1)
  Asterion (Vaults:2)
  2 liches
  2 deep elf master archers (Elf:3)
  2 deep elf blademasters (Elf:3)
  5 titans
  12 acid blobs
  A quicksilver dragon (Vaults:5)
  4 sphinxes
  3 tentacled starspawn (Abyss:2)
  Aizul (Snake:2)
  A thorn hunter (Swamp:4)
  4 tengu reavers
  2 shadow dragons
  4 storm dragons
  Roxanne (Elf:2)
  Kirke (Swamp:1)
  A fenstrider witch (Swamp:4)
  5 nagarajas (Snake:4)
  3 frost giants
  The ghost of TheBioAlchemist the Severer, a journeyman MiFi of Okawaru (Elf:1)
  7 azure jellies
  A fire giant (Vaults:5)
  3 iron dragons (Vaults:5)
  8 rockslimes
  3 orc warlords
  The ghost of asd2613 the Mimic, a journeyman DrSh of Hepliaklqana (Snake:3)
  18 vault wardens
  6 deep elf sorcerers
  4 deep elf elementalists (Elf:3)
  25 ironbound preservers
  8 ironbound thunderhulks
  5 reapers (D:14)
  5 formless jellyfish
  11 quicksilver oozes
  11 stone giants
  A very ugly thing (Vaults:4)
  Nessos (D:13)
  8 deep elf demonologists
  17 dire elephants
  A starcursed mass (Abyss:2)
  5 eleionomae
  A minotaur (Gauntlet)
  8 deep elf death magi
  5 war gargoyles
  7 deep elf annihilators
  7 ettins
  6 bunyips
  Snorg (D:13)
  3 crystal guardians
  An entropy weaver (Vaults:5)
  A shambling mangrove (Swamp:4)
  Josephine (Orc:1)
  4 deep elf high priests
  6 great orbs of eyes
  An entropy weaver (shapeshifter) (Elf:1)
  An ice dragon (Swamp:4)
  16 yaktaur captains
  4 peacekeepers
  A sphinx zombie (Vaults:4)
  31 vault guards
  21 hydras
  6 ogre magi
  2 ghost crabs
  2 catoblepae
  7 centaur warriors
  A spriggan skeleton (Abyss:2)
  12 ironbound frosthearts
  6 alligators
  40 dancing weapons
  8 anacondas
  3 death knights
  26 two-headed ogres
  4 boulder beetles
  A two-headed ogre (shapeshifter) (Vaults:5)
  A tengu warrior (D:14)
  5 death yaks (Lair:5)
  A deep troll shaman (Lair:5)
  A thrashing horror (Abyss:2)
  5 deep troll earth magi (Vaults:5)
  3 orc high priests
  A demonic crawler (Abyss:2)
  12 naga warriors
  14 naga sharpshooters
  20 deep elf knights
  A hell knight (Vaults:5)
  2 spriggan berserkers
  Nergalle (Orc:2)
  7 shock serpents
  3 skysharks
  8 salamander mystics
  A wretched star (Abyss:2)
  A shadow wraith (Vaults:1)
  A bunyip zombie (Swamp:1)
  4 goliath frogs
  A death drake (Gauntlet)
  A skeletal warrior (D:11)
  3 spriggan druids
  Amaemon (Lair:1)
  2 glowing orange brains
  9 naga ritualists
  47 deep trolls
  10 arcanists
  A sun moth (shapeshifter) (Vaults:5)
  8 mana vipers
  14 deep elf archers
  3 large abominations
  17 ironbound convokers
  A spectral hydra (Lair:3)
  9 swamp dragons
  A spriggan simulacrum (Abyss:2)
  6 bog bodies
  16 orc knights
  8 phantasmal warriors
  A spectral wolf spider (Gauntlet)
  9 lindwurms
  30 deep elf pyromancers
  8 necromancers
  29 deep elf zephyrmancers
  A shining eye (Slime:3)
  8 orc sorcerers
  A tengu skeleton (Vaults:4)
  6 will-o-the-wisps
  A salamander (shapeshifter) (Elf:2)
  5 manticores
  5 cyclopes
  A spectral centaur (Gauntlet)
  10 salamanders
  17 ugly things
  10 elephants
  18 naga magi
  2 human skeletons
  An elephant (shapeshifter) (Elf:2)
  A black mamba (shapeshifter) (Elf:2)
  29 black mambas
  7 guardian serpents
  26 vault sentinels
  An orange demon (Lair:1)
  A smoke demon (Abyss:2)
  11 cane toads
  3 gargoyles
  A torpor snail (Gauntlet)
  5 unseen horrors
  2 kobold demonologists
  Maggie (D:7)
  2 rime drakes
  30 yaktaurs
  An ancient zyme (Abyss:2)
  4 guardian mummies (D:14)
  2 tengu conjurers
  2 efreet
  14 komodo dragons
  2 freezing wraiths
  A hellwing (Abyss:2)
  A polar bear (Lair:4)
  A hydra zombie (Swamp:1)
  8 tyrant leeches
  2 bloated husks
  2 saltlings (Vaults:2)
  17 hornets
  8 trolls
  A tengu simulacrum (Vaults:3)
  A raiju (shapeshifter) (D:15)
  23 blink frogs
  A snapping turtle (shapeshifter) (Vaults:4)
  4 dream sheep (Lair:4)
  An ettin zombie (Vaults:3)
  A spectral lindwurm (Lair:3)
  7 wraiths
  46 slime creatures
  3 shadows
  2 air elementals (Elf:2)
  A deep troll skeleton (Vaults:3)
  4 vampires
  A meliai zombie (Gauntlet)
  12 spriggans
  A ynoxinul (Abyss:2)
  70 yaks
  A culicivora (shapeshifter) (Vaults:5)
  4 water elementals
  An ettin skeleton (Vaults:3)
  4 wyverns
  16 humans (D:13)
  2 fire elementals
  A hog (shapeshifter) (D:10)
  6 hogs (Swamp:1)
  2 steam dragons
  2 neqoxecs (Abyss:2)
  3 wargs
  6 golden eyes (Elf:1)
  13 vampire mosquitoes
  10 basilisks
  2 yaktaur simulacra
  12 swamp worms
  54 nagas
  Edmund (D:5)
  5 acid dragons
  Menkaure (D:4)
  13 water moccasins
  A spectral polar bear (Lair:3)
  A spectral torpor snail (Lair:3)
  5 black bears
  3 ice beasts
  32 orc warriors
  An ettin simulacrum (Vaults:3)
  3 laughing skulls (Abyss:2)
  7 swamp drakes (Swamp:4)
  11 ogres
  14 boggarts
  A tengu (shapeshifter) (D:13)
  23 wolves
  9 centaurs
  A phantom (D:6)
  Blork the orc (D:6)
  11 bullfrogs
  5 kobold brigands
  2 gnoll sergeants
  8 small abominations
  4 scorpions
  15 wights
  A human simulacrum (Vaults:1)
  14 killer bees
  3 electric eels (Elf:3)
  6 vampire bats (Bailey)
  12 howler monkeys
  7 wolf zombies (Bailey)
  A bombardier beetle (D:5)
  4 jellies
  2 hounds
  24 orc priests
  Crazy Yiuf (D:6)
  A spectral boggart (Gauntlet)
  A sleepcap (D:4)
  11 iguanas
  20 orc wizards
  4 mummies (D:14)
  Robin (D:4)
  5 adders
  6 gnolls
  A white imp (D:6)
  3 ribbon worms
  2 dart slugs
  49 orcs
  7 ball pythons
  4 bats
  8 endoplasms
  5 giant cockroaches
  23 goblins
  7 hobgoblins
  7 jackals
  A quokka (D:4)
  A frilled lizard (D:1)
  26 kobolds
  22 orc zombies (Bailey)
  6 rats
  A lurking horror (Abyss:2)
  3 spectral weapons (Vaults:2)
  5 starspawn tentacles (Abyss:2)
1861 creatures vanquished.

Vanquished Creatures (others)
  A deep elf elementalist (Elf:3)
  A hydra (D:11)
  An alligator (Swamp:1)
  A deep elf pyromancer (Elf:1)
  2 bloated husks
  A tyrant leech (Swamp:4)
  A spriggan (Swamp:2)
  A swamp worm (Swamp:1)
  18 foxfires
  8 starspawn tentacles (Abyss:2)
35 creatures vanquished.

Grand Total: 1896 creatures vanquished

Notes
Turn   | Place    | Note
-------+----------+-------------------------------------------
     0 | D:1      | Bobbunny the Formicid Fighter began the quest for the Orb.
     0 | D:1      | Reached XP level 1. HP: 18/18 MP: 1/1
   104 | D:1      | Reached XP level 2. HP: 21/24 MP: 2/2
   460 | D:1      | Found a faded altar of an unknown god.
   472 | D:1      | Got Plato's Catalogue of the Charnel House
   568 | D:1      | Reached XP level 3. HP: 30/30 MP: 3/3
   695 | D:1      | Reached skill level 4 in Fighting
   984 | D:2      | Found a sacrificial altar of Ru.
  1116 | D:2      | Reached XP level 4. HP: 26/37 MP: 4/4
  1699 | D:3      | Reached skill level 1 in Stealth
  1699 | D:3      | Reached XP level 5. HP: 18/43 MP: 5/5
  1704 | D:3      | Reached skill level 1 in Throwing
  2269 | D:4      | Noticed an ogre
  2286 | D:4      | Killed an ogre
  2287 | D:4      | Reached skill level 5 in Fighting
  2287 | D:4      | Reached XP level 6. HP: 51/51 MP: 6/6
  2393 | D:4      | Noticed Robin
  2412 | D:4      | Killed Robin
  2795 | D:4      | Noticed Menkaure
  2802 | D:4      | Killed Menkaure
  2803 | D:4      | Reached XP level 7. HP: 53/56 MP: 7/7
  3491 | D:4      | Found Fuduafuf's Jewellery Shop.
  3521 | D:5      | Entered Level 5 of the Dungeon
  3574 | D:5      | Reached skill level 5 in Axes
  3688 | D:5      | Reached skill level 6 in Fighting
  3796 | D:5      | Reached XP level 8. HP: 47/64 MP: 8/8
  3877 | D:5      | Found a staircase to the Ecumenical Temple.
  3904 | Temple   | Entered the Ecumenical Temple
  3928 | Temple   | Became a worshipper of Warmaster Okawaru
  4171 | D:5      | Noticed Edmund
  4189 | D:5      | Killed Edmund
  4327 | D:5      | Reached skill level 7 in Fighting
  4466 | D:5      | Reached * piety under Okawaru
  4467 | D:5      | Reached skill level 1 in Invocations
  4467 | D:5      | Reached skill level 1 in Evocations
  4877 | D:6      | Reached XP level 9. HP: 59/72 MP: 10/10
  4884 | D:6      | Reached skill level 5 in Throwing
  5004 | D:6      | Found a runed translucent door.
  5005 | D:6      | Noticed Crazy Yiuf
  5016 | D:6      | Killed Crazy Yiuf
  5442 | D:6      | Found Poclaser's Antique Weapon Shoppe.
  5811 | D:6      | Noticed Blork the orc
  5828 | D:6      | Killed Blork the orc
  6218 | D:7      | Noticed Maggie
  6238 | D:7      | Killed Maggie
  6238 | D:7      | Reached ** piety under Okawaru
  6239 | D:7      | Reached skill level 8 in Fighting
  6491 | D:7      | Reached XP level 10. HP: 48/80 MP: 13/13
  6572 | D:7      | Reached skill level 5 in Invocations
  6593 | D:7      | Found a flagged portal.
  6602 | Bailey   | Entered a bailey
  6902 | Bailey   | Reached *** piety under Okawaru
  6973 | Bailey   | Reached skill level 5 in Evocations
  7201 | Bailey   | Noticed a gargoyle
  7210 | Bailey   | Killed a gargoyle
  7211 | Bailey   | Reached skill level 9 in Fighting
  7231 | Bailey   | HP: 1/83 [vampire/+0 vampiric halberd (5)]
  7947 | D:8      | Found a staircase to the Lair.
  8388 | D:8      | Noticed rozman's ghost (novice AtBe)
  8432 | D:8      | Found a transporter.
  8434 | D:8      | Found a transporter.
  8448 | D:8      | Found Jagih's Distillery.
  8454 | D:8      | Bought a potion of mutation for 96 gold pieces
  8454 | D:8      | Bought a potion of heal wounds for 60 gold pieces
  8454 | D:8      | Bought a potion of heal wounds for 60 gold pieces
  8454 | D:8      | Bought a potion of heal wounds for 60 gold pieces
  8454 | D:8      | Bought a potion of heal wounds for 60 gold pieces
  8471 | D:8      | Reached **** piety under Okawaru
  8472 | D:8      | Reached skill level 10 in Fighting
  8509 | D:8      | Reached XP level 11. HP: 49/86 MP: 15/15
  9325 | D:9      | Found Eleulil's Jewellery Shoppe.
  9782 | D:9      | Reached skill level 5 in Armour
  9881 | D:8      | Reached ***** piety under Okawaru
  9887 | D:8      | Reached skill level 11 in Fighting
 10094 | D:9      | Reached skill level 10 in Axes
 10318 | D:9      | Found a shimmering altar of Xom.
 10649 | Lair:1   | Entered Level 1 of the Lair of Beasts
 11006 | Lair:1   | Received a gift from Okawaru
 11622 | Lair:1   | Noticed Amaemon
 11637 | Lair:1   | Killed Amaemon
 11638 | Lair:1   | Reached skill level 12 in Fighting
 11638 | Lair:1   | Reached XP level 12. HP: 88/102 MP: 16/16
 12736 | Lair:2   | Found a gate leading to a gauntlet.
 12750 | Gauntlet | Entered a Gauntlet
 12750 | Gauntlet | Noticed a sixfirhy
 12750 | Gauntlet | Found a transporter.
 12750 | Gauntlet | Found a transporter.
 12751 | Gauntlet | Found a transporter.
 12753 | Gauntlet | Found a transporter.
 12754 | Gauntlet | Found a transporter.
 12754 | Gauntlet | Found a transporter.
 12757 | Gauntlet | Noticed a large abomination
 12767 | Gauntlet | Found a transporter.
 12769 | Gauntlet | Found a transporter.
 12772 | Gauntlet | Found a transporter.
 12772 | Gauntlet | Found a transporter.
 12779 | Gauntlet | Found a transporter.
 12789 | Gauntlet | Found a transporter.
 12790 | Gauntlet | Noticed a death drake
 12889 | Gauntlet | Reached skill level 13 in Fighting
 12891 | Gauntlet | Killed a large abomination
 13138 | Gauntlet | Identified the ring of Pocathru {rPois MP+9}
 13302 | Gauntlet | Killed a death drake
 13320 | Gauntlet | HP: 3/105 [meliai zombie (7)]
 13320 | Gauntlet | HP: 1/105 [meliai zombie (2)]
 13577 | Gauntlet | Received a gift from Okawaru
 13611 | Gauntlet | Identified the amulet "Wiytz" {Reflect rElec rN+ Will+
                  | SH+5}
 13804 | Gauntlet | Noticed a minotaur
 13833 | Gauntlet | Killed a minotaur
 13836 | Gauntlet | Identified the +4 rapier of the Shrike {flame, ^Contam
                  | Str+3 SInv}
 13836 | Gauntlet | Identified the ring "Jadifuh" {MP+9 Str+4}
 13836 | Gauntlet | Identified the +4 scale mail of Protective Custody {rPois
                  | rF+ rCorr Slay-3}
 14186 | Lair:2   | Reached skill level 1 in Dodging
 14310 | Lair:2   | Noticed an eight-headed hydra
 14318 | Lair:2   | HP: 5/106 [eight-headed hydra (4)]
 14318 | Lair:2   | HP: 1/106 [eight-headed hydra (4)]
 14610 | Lair:2   | Killed an eight-headed hydra
 14611 | Lair:2   | Reached skill level 14 in Fighting
 14611 | Lair:2   | Reached XP level 13. HP: 113/113 MP: 17/17
 15588 | Lair:2   | Received a gift from Okawaru
 16394 | Lair:3   | Found a staircase to the Snake Pit.
 16654 | Lair:3   | Noticed a four-headed hydra
 16663 | Lair:3   | Killed a four-headed hydra
 17261 | Lair:3   | Found a staircase to the Swamp.
 17261 | Lair:3   | Noticed a ghost crab
 17450 | Lair:2   | Killed a ghost crab
 17451 | Lair:2   | Reached skill level 15 in Fighting
 17451 | Lair:2   | Reached skill level 5 in Dodging
 18093 | Lair:4   | Noticed a six-headed hydra
 18569 | Lair:4   | Received a gift from Okawaru
 18590 | Lair:4   | Reached XP level 14. HP: 93/122 MP: 18/18
 19309 | Lair:4   | Received a gift from Okawaru
 19521 | Lair:4   | Reached skill level 16 in Fighting
 19976 | Lair:5   | Entered Level 5 of the Lair of Beasts
 20273 | Lair:5   | Found a staircase to the Slime Pits.
 20805 | Lair:5   | Identified a scroll of acquirement
 20806 | Lair:5   | Acquired a manual of Fighting
 20946 | Lair:5   | Reached skill level 15 in Axes
 21174 | Lair:5   | Reached ****** piety under Okawaru
 21175 | Lair:5   | Acquired the +8 mithril axe "Arga" {speed, Will+}
 21175 | Lair:5   | Received a gift from Okawaru
 21175 | Lair:5   | Found the +8 mithril axe "Arga" {speed, Will+}
 21178 | Lair:5   | Acquired the +9 plate armour of the Harvest {Rampage Int+4
                  | Dex+5 Stlth+}
 21178 | Lair:5   | Received a gift from Okawaru
 21303 | Lair:5   | Reached skill level 5 in Shields
 21330 | Lair:5   | Received a gift from Okawaru
 21334 | Lair:5   | Noticed a dire elephant
 21348 | Lair:5   | Killed a dire elephant
 21546 | Lair:5   | Found the +16 obsidian axe {drain, demonic, Mesm ^Drain Fly
                  | SInv}
 21588 | Lair:5   | Reached skill level 17 in Fighting
 22344 | D:10     | Entered Level 10 of the Dungeon
 22379 | D:10     | Identified the +0 scale mail of Xacok {rF- rN++}
 22391 | D:10     | Reached XP level 15. HP: 134/134 MP: 19/19
 22396 | D:10     | Found a staircase to the Orcish Mines.
 23690 | D:11     | Received a gift from Okawaru
 24018 | D:11     | Found a portal to a secret trove of treasure.
 24205 | D:11     | Reached skill level 18 in Fighting
 24240 | D:11     | Identified the +7 shortbow of the Morning {freeze, Str+3}
 24585 | D:12     | Received a gift from Okawaru
 25441 | D:13     | Noticed Snorg
 25457 | D:13     | Killed Snorg
 25952 | D:13     | Noticed Nessos
 25962 | D:13     | Found a gate to the Vaults.
 25992 | D:13     | Received a gift from Okawaru
 25997 | D:13     | Killed Nessos
 25998 | D:13     | Reached XP level 16. HP: 68/145 MP: 20/20
 26574 | D:14     | Reached skill level 19 in Fighting
 27282 | D:14     | Received a gift from Okawaru
 27983 | D:15     | Entered Level 15 of the Dungeon
 28058 | D:15     | Found Bicowo's Antique Armour Emporium.
 28181 | D:15     | Found Coomah's Weapon Emporium.
 28195 | D:15     | Found Jiga's Armour Emporium.
 28380 | D:15     | Identified the +3 ring mail "Forget-Me-Not" {Harm +Blink
                  | rC+}
 28519 | D:15     | Found a staircase to the Depths.
 28685 | D:15     | Reached skill level 20 in Fighting
 28770 | D:15     | Found Joxejyr's General Store.
 29131 | Orc:1    | Entered Level 1 of the Orcish Mines
 29236 | Orc:1    | Noticed Josephine
 29243 | Orc:1    | Killed Josephine
 29243 | Orc:1    | Received a gift from Okawaru
 29946 | Orc:2    | Entered Level 2 of the Orcish Mines
 30132 | Orc:2    | Reached skill level 10 in Throwing
 30142 | Orc:2    | Noticed Nergalle
 30148 | Orc:2    | Reached skill level 21 in Fighting
 30394 | Orc:2    | Received a gift from Okawaru
 30485 | Orc:2    | Killed Nergalle
 30590 | Orc:2    | Reached XP level 17. HP: 114/158 MP: 21/21
 30945 | Orc:2    | Found Fiutunn's Antique Weapon Shop.
 30950 | Orc:2    | Found Uqess's Jewellery Shop.
 31040 | Orc:2    | Found Qairigi's Antique Weapon Boutique.
 31093 | Orc:2    | Found a staircase to the Elven Halls.
 31152 | Orc:2    | Found Eteh's Antique Weapon Shoppe.
 31276 | Orc:2    | Found Juxkuef's General Store.
 31282 | Orc:2    | Bought a potion of heal wounds for 75 gold pieces
 31282 | Orc:2    | Bought a scroll of revelation for 112 gold pieces
 31282 | Orc:2    | Bought a scroll of immolation for 60 gold pieces
 31291 | Orc:2    | Found Xyufaxics's Antique Armour Shop.
 31515 | Elf:1    | Entered Level 1 of the Elven Halls
 31962 | Elf:1    | Noticed Jorgrun
 31975 | Elf:1    | Killed Jorgrun
 31975 | Elf:1    | Received a gift from Okawaru
 32163 | Elf:1    | Reached skill level 22 in Fighting
 32503 | Elf:1    | Found a runed translucent gate.
 32503 | Elf:1    | Found a runed translucent gate.
 32503 | Elf:1    | Noticed TheBioAlchemist's ghost (journeyman MiFi)
 32504 | Elf:1    | Found a runed translucent gate.
 32504 | Elf:1    | Noticed an acid blob
 33009 | Elf:1    | Found a viscous altar of Jiyva.
 33071 | Elf:1    | Killed an acid blob
 33089 | Elf:1    | Killed TheBioAlchemist's ghost
 33089 | Elf:1    | Received a gift from Okawaru
 33486 | Elf:2    | Reached XP level 18. HP: 110/168 MP: 24/24
 33901 | Elf:2    | Noticed Roxanne
 33974 | Elf:2    | Killed Roxanne
 34456 | Elf:2    | Received a gift from Okawaru
 34469 | Elf:2    | Reached skill level 10 in Shields
 34485 | Elf:2    | Found a runed translucent gate.
 34486 | Elf:2    | Found a runed translucent gate.
 34486 | Elf:2    | Found a runed translucent gate.
 34880 | Elf:2    | Received a gift from Okawaru
 35212 | Elf:3    | Entered Level 3 of the Elven Halls
 35228 | Elf:3    | Noticed Norris
 35250 | Elf:3    | Reached skill level 10 in Armour
 35268 | Elf:3    | Killed Norris
 35532 | Elf:3    | Reached skill level 10 in Invocations
 36031 | Elf:3    | Identified the +7 falchion of Onefom {flame, rPois}
 36048 | Elf:3    | Reached skill level 23 in Fighting
 36179 | Elf:3    | Received a gift from Okawaru
 36180 | Elf:3    | Reached XP level 19. HP: 177/178 MP: 26/26
 36676 | Elf:3    | Identified the +10 eveningstar "Ehah" {pain, ^Contam Will+
                  | Int+2 Dex+3}
 36676 | Elf:3    | Identified the ring "Uckoqal" {*Corrode *Slow EV+5 Dex+8
                  | Stlth+}
 36696 | Elf:3    | Identified the +3 plate armour "Biozuan" {-Cast rPois rN+
                  | Str+3}
 36696 | Elf:3    | Noticed a deep elf blademaster
 36715 | Elf:3    | Killed a deep elf blademaster
 36721 | Elf:3    | Noticed a deep elf blademaster
 36721 | Elf:3    | Noticed Nikola
 36740 | Elf:3    | Killed a deep elf blademaster
 36748 | Elf:3    | Killed a ghostly deep elf blademaster
 36748 | Elf:3    | Received a gift from Okawaru
 36796 | Elf:3    | Killed Nikola
 36798 | Elf:3    | Noticed a Tzitzimitl
 36808 | Arena    | Entered the Arena
 36818 | Arena    | Killed the ghostly Nikola
 37164 | Elf:3    | Identified the +8 hand axe of Purpose {venom, rElec rPois
                  | rF+ rC-}
 37175 | Elf:3    | Received a gift from Okawaru
 38361 | D:9      | Bought the ring of the Final Chapter {Fly rPois rF+ Will+
                  | Int+3} for 825 gold pieces
 38480 | Snake:1  | Entered Level 1 of the Snake Pit
 38782 | Snake:1  | Reached skill level 10 in Dodging
 39152 | Snake:1  | Received a gift from Okawaru
 39498 | Snake:1  | Found Zuruomoh's Jewellery Boutique.
 39498 | Snake:1  | Found Dualizae's Book Shoppe.
 39518 | Snake:1  | Found Iryocisa's Jewellery Boutique.
 39610 | Snake:1  | Bought the ring of the Three Gods {rC+ EV+5 Str+3 Dex-3}
                  | for 650 gold pieces
 40116 | Snake:2  | Reached XP level 20. HP: 180/188 MP: 27/27
 40148 | Snake:2  | Reached skill level 24 in Fighting
 40312 | Snake:2  | Identified the serpent talisman of Calculation {rC++
                  | Stlth+}
 40312 | Snake:2  | Noticed Aizul
 40336 | Snake:2  | Killed Aizul
 41171 | Snake:3  | Found a runed translucent door.
 41172 | Snake:3  | Noticed asd2613's ghost (journeyman DrSh)
 41199 | Snake:3  | Killed asd2613's ghost
 41345 | Snake:3  | Received a gift from Okawaru
 41591 | Snake:3  | Identified the +2 scale mail of Havar {Str+3 Dex+6 Stlth-}
 42405 | Snake:4  | Entered Level 4 of the Snake Pit
 43149 | Snake:4  | Received a gift from Okawaru
 43698 | Snake:4  | Received a gift from Okawaru
 44675 | Swamp:1  | Entered Level 1 of the Swamp
 44776 | Swamp:1  | Reached XP level 21. HP: 157/196 MP: 28/28
 45224 | Swamp:1  | Received a gift from Okawaru
 45227 | Swamp:1  | Noticed Kirke
 45247 | Swamp:1  | Killed Kirke
 46891 | Swamp:3  | Received a gift from Okawaru
 47210 | Swamp:3  | Reached skill level 25 in Fighting
 47335 | Swamp:4  | Entered Level 4 of the Swamp
 47548 | Swamp:4  | Identified the +1 helmet of Analysis {rF+ rN+ Will-}
 47839 | Swamp:4  | Received a gift from Okawaru
 48194 | Swamp:4  | Identified the +0 sling of the Final Decision {freeze,
                  | Will+ rCorr Str+6 Dex-3}
 48486 | Vaults:1 | Entered Level 1 of the Vaults
 48780 | Vaults:1 | Reached XP level 22. HP: 189/206 MP: 29/29
 48820 | Vaults:1 | Identified the +4 mace "Qeicwaupo" {drain, +Blink rF- Str+4
                  | Dex+4}
 48884 | Vaults:1 | Received a gift from Okawaru
 49183 | Vaults:1 | Noticed Boris
 49197 | Vaults:1 | Killed Boris
 49872 | Vaults:1 | Received a gift from Okawaru
 50397 | Vaults:2 | Found Wuhex's Weapon Emporium.
 50549 | Vaults:2 | Noticed Saint Roka
 50570 | Vaults:2 | Killed Saint Roka
 50571 | Vaults:2 | Reached skill level 15 in Armour
 50772 | Vaults:2 | Noticed Asterion
 50789 | Vaults:2 | Killed Asterion
 51050 | Vaults:2 | Reached skill level 26 in Fighting
 52500 | Vaults:2 | Received a gift from Okawaru
 52876 | Vaults:3 | Reached XP level 23. HP: 202/216 MP: 30/30
 53151 | Vaults:3 | Identified the +0 robe "Tixtu" {-Tele +Inv rPois Str+3}
 53244 | Vaults:3 | Noticed Boris
 53263 | Vaults:3 | Killed Boris
 53612 | Vaults:3 | Received a gift from Okawaru
 53615 | Vaults:3 | Reached skill level 15 in Throwing
 53714 | Vaults:3 | Found Yrchyec's Antique Weapon Shoppe.
 54286 | Vaults:3 | Found a staircase to the Crypt.
 55033 | Vaults:4 | Received a gift from Okawaru
 55051 | Vaults:4 | Reached skill level 27 in Fighting
 55493 | Vaults:4 | Received a gift from Okawaru
 55687 | Vaults:4 | Reached XP level 24. HP: 213/227 MP: 31/31
 56737 | Vaults:5 | Entered Level 5 of the Vaults
 56742 | Vaults:5 | Received a gift from Okawaru
 58689 | Vaults:4 | Received a gift from Okawaru
 59350 | Vaults:5 | Found the +3 Elemental Staff {ele, rElec rF+ rC+ AC+3}
 59540 | Vaults:5 | Received a gift from Okawaru
 59541 | Vaults:5 | Reached XP level 25. HP: 175/234 MP: 32/32
 59817 | Vaults:5 | Identified the +11 dagger "Weytor" {spect, Will+ Str+2}
 59821 | Abyss:2  | Cast into level 2 of the Abyss (a deep elf demonologist)
 59885 | Abyss:2  | Found a corrupted altar of Lugonu.
 59894 | Abyss:2  | Found a corrupted altar of Lugonu.
 59894 | Abyss:2  | Found a corrupted altar of Lugonu.
 60108 | Vaults:5 | Escaped the Abyss
 60142 | Vaults:5 | Received a gift from Okawaru
 60422 | Vaults:5 | Identified the ring "Zioxal" {Will+ Dex+4 Stlth-}
 60617 | Vaults:5 | Identified the +6 plate armour "Uskiwn" {rElec rPois}
 60650 | Vaults:5 | Identified the staff of Kyuruy {rF+ Int+3 Fire}
 60659 | Vaults:5 | Got a silver rune of Zot
 62154 | D:9      | Bought the dreamshard necklace {Acrobat *Dream} for 3200
                  | gold pieces
 62154 | D:9      | Found the dreamshard necklace {Acrobat *Dream}
 62368 | Swamp:4  | Got a decaying rune of Zot
 62602 | Snake:4  | Got a serpentine rune of Zot
 62736 | Slime:1  | Entered Level 1 of the Pits of Slime
 62758 | Slime:2  | Reached skill level 15 in Shields
 62762 | Slime:2  | Received a gift from Okawaru
 62929 | Slime:5  | Entered Level 5 of the Pits of Slime
 63007 | Slime:5  | Noticed the Royal Jelly
 63026 | Slime:5  | Killed the Royal Jelly
 63026 | Slime:5  | Received a gift from Okawaru
 63038 | Slime:5  | HP: 1/234 [quicksilver ooze[the Royal Jelly] (15)]
 63038 | Slime:5  | Slain by an azure jelly

Illustrated notes

Levels and vault maps discovered:
D:1:      minmay_arrival_radiant_lines, layout_basic,
          shapermc_ecumenical_altar_rom_forum, minmay_misc_feat_hallway
D:2:      minmay_wonky_spiral, layout_basic, basic_altar
D:3:      layout_basic
D:4:      layout_loops_corners, serial_shops, shop, uniq_robin, uniq_menkaure
D:5:      layout_loops_ring, minmay_temple_entry_glassed_door, uniq_edmund
D:6:      layout_cave_pods, serial_shops, nicolae_square_shop,
          serial_column_ruins, column_ruins_square_medium,
          column_ruins_open_small, column_ruins_open_tiny,
          column_ruins_open_tiny, column_ruins_corridor_dead_end,
          column_ruins_columns_T, column_ruins_columns_straight,
          chequers_serial_rivers_small_b, nicolae_underground_beach,
          uniq_crazy_yiuf_cottage, uniq_blork_the_orc
D:7:      layout_loops_ring, enter_bailey_3, uniq_maggie
D:8:      layout_loops_ring, dpeg_oklobed_lair, serial_shops, shop,
          gammafunk_ghost_hive
D:9:      layout_cave_pools, regret_index_xom_buried_treasure, serial_shops,
          nicolae_shop_just_a_little_nook
D:10:     wad_guarded_room, layout_cave_pods, david_orc_3
D:11:     minmay_the_grid_octo_triangle [minmay_the_grid_octo_fat_diamond,
          minmay_the_grid_octo_prize_star, minmay_the_grid_octo_concentric],
          layout_irregular_city, nicolae_trove_entry_crossroad
D:12:     layout_roguey, hangedman_decor_diamond_cutter, grunt_tough_drop
D:13:     layout_roguey, david_vaults_3, uniq_snorg
D:14:     layout_layer_cave, chequers_mini_garden, minmay_guarded_unrand_curses
D:15:     hangedman_depths_entry_civil_slaughter, layout_basic, serial_shops,
          nicolae_square_shop, shop_statue, shop, shop, kennysheep_pointless_box
Temple:   regret_index_temple_sigil_plot
Lair:1:   layout_cave_pods, uniq_amaemon
Lair:2:   layout_chaotic_city, gauntlet_entry_generic, serial_bayou_shore_b
Lair:3:   beast_lair_carwin_large_1, layout_loops_ring,
          nicolae_swamp_entry_spooky, dummy_snake_entry, hibernation_bobbens,
          infiniplex_staircase_pool_2, serial_bayou_shore_b
Lair:4:   layout_regular_city, grunt_megastairs_2
Lair:5:   grunt_lair_end_beastmaster, layout_cave_pods, slime_entry_1
Swamp:1:  layout_basic_swamp, infiniplex_staircase_pool, swamp_pool_1_2,
          nicolae_swamp_necromancer_hut, uniq_kirke
Swamp:2:  layout_falls_marsh, serial_swamp_ruin, evilmike_swamp_ruin_house_4,
          evilmike_swamp_ruin_house_6, evilmike_swamp_ruin_house_5
Swamp:3:  layout_basic_swamp, evilmike_swamp_ruin_rubble_2
Swamp:4:  swamp, layout_basic_swamp, swamp_pool_1_2, nicolae_swamp_spooky_pond
Snake:1:  layout_grid_maze, grunt_megastairs_3, minmay_shop_grove
Snake:2:  layout_cave_pods, uniq_aizul
Snake:3:  layout_chambers, ebering_ghost_inner_flame, serial_bayou_pond_d,
          drop_trap
Snake:4:  johnstein_snake_rune_scales, layout_concentric_octagons
Slime:1:  cheibrodos_slime_lost_civilization_1, layout_caves,
          nicolae_slime_barrier
Slime:2:  layout_caves
Slime:3:  layout_caves
Slime:4:  layout_caves, cheibrodos_slime_lost_civilization_5, uniq_dissolution
Slime:5:  slime_pit
Orc:1:    layout_caves, special_room [special_room_orc], uniq_josephine
Orc:2:    grunt_orc_cross, layout_diamond_mine, serial_shops, shop, shop,
          basic_altar
Elf:1:    nicolae_elf_arrival_fired_up, layout_loops_ring, gammafunk_ghost_ooze,
          hangedman_elven_crosses_minicolossus, dk_noncrumbling_4, uniq_jorgrun
Elf:2:    nicolae_elf_blades_crystal_corner, layout_loops_ring, uniq_roxanne
Elf:3:    grunt_elf_hall_diamonds, layout_geoelf_castle, uniq_norris,
          uniq_nikola
Vaults:1: nicolae_vaults_diamond_2, nicolae_vaults_heart-shaped_vault,
          dpeg_vaults_monster_row, nicolae_vaults_lightning_bolt, st_octagons_1,
          v_misc_15, nicolae_vaults_back_hallway, vaults_room_fours,
          serial_ice_m, nicolae_vaults_closet_pinwheel_6,
          grunt_vaults_trifunnel, vaults_room_fours, layout_vaults_omnibox,
          uniq_boris
Vaults:2: portal_desolation_entry_salt, ontoclasm_vaults_shout, v_rooms_6,
          vaults_mumra_minichess_inversion, nicolae_vaults_variable_pillar_hall,
          nicolae_vaults_trapezoid_2, grunt_vaults_hallway_short,
          vaults_room_corners, vaults_mumra_chevron,
          nicolae_vaults_tetromino_L_2, nicolae_vaults_little_ls,
          vaults_room_corners, layout_vaults_omnigrid, serial_shops,
          nicolae_shop_statue_plus, uniq_asterion, uniq_saint_roka
Vaults:3: nicolae_vaults_tangent_ellipses, blue_anna_dwarven_crypt,
          ontoclasm_vaults_chip, v_alt_pattern_2, nicolae_vaults_two_Ls,
          hangedman_vaults_corner, nicolae_vaults_tetromino_T_2,
          vaults_room_corners, nicolae_vaults_tangram_2, v_misc_23,
          nicolae_vaults_storage_closets_3, grunt_vaults_hallway_short,
          nicolae_vaults_trapezoid_lopsided_1, vaults_dpeg_ring,
          layout_vaults_omnicross, serial_shops, nicolae_shop_overgrown_old_shop
Vaults:4: nicolae_vaults_hexular_roomagon, v_misc_28, vaults_room_grid,
          grunt_vaults_hallway_long, nicolae_vaults_six-pack, vaults_mumra_lcd,
          v_pattern_3, v_misc_28, hangedman_vaults_slice,
          ontoclasm_vaults_ring_square, hangedman_vaults_nails,
          nicolae_vaults_tangram_1, vaults_dpeg_encased_lava,
          layout_vaults_maze_snakey
Vaults:5

Skill      XL: |  1  2  3  4  5  6  7  8  9 10 11 12 13 14 15 16 17 18 19 20 21 22 23 24 25 |
---------------+----------------------------------------------------------------------------+-----
Fighting       | 4 5 6 7 8 10 12 14 15 17 18 21 22 23 24 25 26 27 | 27.0
Axes           | 3 4 5 6 7 9 10 12 14 15 17 18 19 20 | 20.0
Stealth        | 1 2 3 |  3.0
Throwing       | 1 2 3 4 6 7 10 11 12 14 16 | 16.0
Invocations    | 1 4 6 8 10 12 13 | 13.0
Evocations     | 1 4 5 |  5.0
Armour         | 5 7 8 10 12 14 15 16 17 18 | 18.9
Dodging        | 1 5 6 8 10 11 13 | 13.3
Shields        | 6 7 9 10 13 15 | 15.8

Action                     |  1- 3 |  4- 6 |  7- 9 | 10-12 | 13-15 | 16-18 | 19-21 | 22-24 | 25-27 || total
---------------------------+-------+-------+-------+-------+-------+-------+-------+-------+-------++-------
  Melee: War axe           |   104 |   140 |   172 |   578 |   555 |       |       |       |       ||  1549
         Battleaxe         |       |       |    69 |       |       |       |       |       |       ||    69
         Broad axe         |       |       |       |       |   473 |  1046 |  1496 |  1479 |   465 ||  4959
  Throw: Boomerang         |       |     2 |     9 |    34 |    32 |    53 |    64 |     4 |    30 ||   228
         Dart              |       |     1 |     6 |    13 |     5 |     1 |       |       |       ||    26
         Javelin           |       |       |       |     5 |    19 |    14 |    33 |    11 |     4 ||    86
 Invoke: Heroism           |       |       |       |     9 |     5 |     2 |     2 |     2 |     1 ||    21
         Finesse           |       |       |       |     2 |     5 |     6 |     4 |     6 |     3 ||    26
         Receive Weapon    |       |       |       |       |     1 |       |       |       |       ||     1
         Receive Armour    |       |       |       |       |     1 |       |       |       |       ||     1
         Duel              |       |       |       |       |       |       |     1 |       |       ||     1
  Evoke: Wand              |       |       |     1 |    15 |     4 |     1 |       |       |       ||    21
    Use: Potion            |       |       |     3 |     3 |       |       |     2 |     4 |     5 ||    17
         Scroll            |       |       |       |    11 |    10 |     5 |     1 |     1 |     7 ||    35
   Stab: Paralysed         |       |       |     2 |     6 |       |       |       |       |       ||     8
         Invisible         |       |       |     2 |     2 |       |       |       |       |       ||     4
         Distracted        |       |       |       |       |       |       |     1 |       |       ||     1
 Armour: Scale mail        |    23 |       |       |       |       |       |       |       |       ||    23
         Chain mail        |    73 |    93 |   187 |   124 |       |       |       |       |       ||   477
         Skin              |       |       |     7 |       |       |       |       |       |       ||     7
         Plate armour      |       |       |       |   440 |   688 |   348 |   561 |   533 |   128 ||  2698
  Dodge: Dodged            |    43 |    51 |    68 |   179 |   249 |   153 |   386 |   467 |   125 ||  1721
  Block: Buckler           |    23 |    36 |    51 |   158 |   455 |   305 |   554 |   495 |   100 ||  2177
         Reflection        |       |       |       |       |     4 |    33 |    71 |    35 |     6 ||   149
         Tower shield      |       |       |       |       |       |       |       |       |   135 ||   135
